 Dungeon Crawl Stone Soup version 0.31-a0-948-gf5be29c462 (webtiles) character file.

Game seed: 9904809071190684015

23016 BinkBink the Skirmisher (level 12, -24/71 HPs)
             Began as a Spriggan Hunter on Oct 21, 2023.
             Was a High Priest of Okawaru.
             Killed from afar by Jorgrun (39 damage)
             ... with an iron shot
             ... on level 12 of the Dungeon.
             The game lasted 00:25:40 (11797 turns).

BinkBink the Skirmisher (Spriggan Hunter)          Turns: 11797, Time: 00:25:40

Health: -24/71     AC:  6    Str:  7    XL:     12   Next: 68%
Magic:  13/13      EV: 28    Int: 15    God:    Okawaru [*****.]
Gold:   404        SH:  0    Dex: 25    Spells: 11/11 levels left

rFire   . . .        H - +1 arbalest
rCold   x . .        (shield currently unavailable)
rNeg    . . .        j - +0 robe "Hain" {rPois rC- Int+3 Dex+3}
rPois   +            D - +1 hat
rElec   .            A - +2 cloak
rCorr   .            (gloves unavailable)
SInv    +            (boots unavailable)
Will    ++...        (no amulet)
Stlth   ++           s - ring of poison resistance
HPRegen 0.31/turn    C - +5 ring of evasion
MPRegen 0.13/turn

%: no passive effects
@: very quick
A: very small, no large weapons, unfitting armour, see invisible, speed 3
a: Renounce Religion, Heroism, Finesse, Duel


You were on level 12 of the Dungeon.
You worshipped Okawaru.
Okawaru was extremely pleased with you.
You visited 2 branches of the dungeon, and saw 13 of its levels.
You also visited: Sewer and Bailey.

You collected 785 gold pieces.
You spent 381 gold pieces at shops.

Inventory:

Hand Weapons
 a - a +0 shortbow of freezing
 v - a +1 orcbow of freezing
 H - a +1 arbalest (weapon)
Missiles
 x - a throwing net
Armour
 j - the +0 robe "Hain" (worn) {rPois rC- Int+3 Dex+3}
   (You found it on level 5 of the Dungeon)

   Int+3:     It affects your intelligence (+3).
   Dex+3:     It affects your dexterity (+3).
   rC-:       It makes you vulnerable to cold.
   rPois:     It protects you from poison
 w - the +2 robe of the Five Shrikes {Rampage Stlth- Archmagi}
   (You bought it in a shop on level 1 of the Dungeon)

   Rampage:   It bestows one free step when moving towards enemies.
   Stlth-:    It makes you less stealthy.
   Archmagi:  It increases the power of your magical spells.
 A - a +2 cloak (worn)
 D - a +1 hat (worn)
Jewellery
 g - a ring of magical power
 m - a ring of fire
 s - a ring of poison resistance (left hand)
 C - a +5 ring of evasion (right hand)
 E - an amulet of magic regeneration
 G - a ring of protection from fire
 K - a ring of positive energy
 O - a +6 ring of strength
Wands
 B - a wand of roots (9)
 L - a wand of flame (15)
 N - a wand of digging (8)
Scrolls
 b - 3 scrolls of butterflies
 c - 4 scrolls of fear
 d - 10 scrolls of teleportation
 k - 2 scrolls of blinking
 n - 5 scrolls of vulnerability
 u - 4 scrolls of amnesia
 y - 2 scrolls of fog
 J - a scroll of poison
Potions
 e - 2 potions of lignification
 f - 4 potions of haste
 h - a potion of heal wounds
 i - 5 potions of curing
 l - 7 potions of enlightenment
 o - 4 potions of degeneration
 p - a potion of attraction
 q - a potion of invisibility
 r - a potion of berserk rage
 t - a potion of cancellation {unknown}
 I - 3 potions of mutation


   Skills:
 + Level 12.0 Fighting
 + Level 14.5 Ranged Weapons
 - Level 6.6 Dodging
 - Level 1.5 Stealth


You had 11 spell levels left.
You didn't know any spells.
Your spell library contained the following spells:

 Spells                   Type           Power      Damage    Failure   Level
 Foxfire                  Conj/Fire      0%         2x1d4     26%         1
 Kiss of Death            Conj/Necr      0%         2d5       26%         1
 Sublimation of Blood     Necr           0%         N/A       38%         2
 Confusing Touch          Hex            0%         N/A       63%         3
 Dispel Undead            Necr           0%         3d6       95%         4
 Petrify                  Tmut/Erth      0%         N/A       95%         4
 Irradiate                Conj/Tmut      0%         3d11      100%        5
 Iskenderun's Battlesphe  Conj           0%         2d6       100%        5
 Bombard                  Conj/Erth      0%         9d1       100%        6
 Plasma Beam              Fire/Air       0%         2x1d10    100%        6
 Starburst                Conj/Fire      0%         6d3       100%        6
 Spellforged Servitor     Conj/Summ      Unusable   N/A       N/A         7

Dungeon Overview and Level Annotations

Branches:
Dungeon (12/15)            Temple (1/1) D:7            Lair (0/5) D:9
    Orc (0/2) D:11          Sewer (visited)          Bailey (visited)

Altars:
Ashenzari
Cheibriados
Dithmenos
Elyvilon
Fedhas
Gozag
Hepliaklqana
Kikubaaqudgha
Makhleb
Nemelex Xobeh
Okawaru
Qazlal
Ru
Sif Muna
Trog
Uskayaw
Vehumet
Wu Jian
Xom
Yredelemnul
Zin
The Shining One

Shops:
D:1 [   D:7 *   D:9 (

Portals:
Trove: D:10 (show slimy rune of Zot)

Annotations:
D:12 Jorgrun


Innate Abilities, Weirdness & Mutations

You are very small and have problems with some larger weapons.
You are too small for most types of armour.
You have supernaturally acute eyesight. (SInv)
You cover ground extremely quickly. (Speed+++)


Message History

Jorgrun shouts!
You shoot a bolt. The bolt hits Jorgrun!
Jorgrun is lightly wounded.
You shoot a bolt. The bolt hits Jorgrun!!
Jorgrun is moderately wounded.
Jorgrun gestures at you while chanting.
You are slowing down.
You shoot a bolt. The bolt closely misses Jorgrun.
Jorgrun casts a spell at you. The iron shot misses you.
Jorgrun says, "Tha earth be me home, an' ye be trespassing!"
Your limbs are stiffening.
You shoot a bolt. The bolt hits Jorgrun.
Jorgrun is moderately wounded.
Jorgrun gestures at you while chanting.
You easily resist.
Jorgrun casts a spell at you. The iron shot misses you.
You have turned to stone.
Jorgrun hits you with a +0 heavy quarterstaff!
Jorgrun completely misses you.
Jorgrun hits you with a +0 heavy quarterstaff!!
Jorgrun casts a spell at you. The iron shot hits you!!!
Jorgrun points at you and mumbles some strange words.
The iron shot hits you!!
* * * LOW HITPOINT WARNING * * *
Jorgrun hits you with a +0 heavy quarterstaff!!
* * * LOW HITPOINT WARNING * * *
Jorgrun casts a spell at you.
You turn to flesh and can move again.
You feel much better. Jorgrun closely misses you.
You are too injured to fight recklessly!
Jorgrun attacks as he pursues you!
Jorgrun hits you with a +0 heavy quarterstaff!!
* * * LOW HITPOINT WARNING * * *
There is a stone staircase leading up here.
Jorgrun gestures at you while chanting. The iron shot hits you!!!
Ouch! That really hurt!
You die...

##################
.................#
.................###
#...................
#...................
#...................
#........g..[.......
....###'###.....###
. .... #.@..^#
#.....#.....#
#.....#.....#
......#.....#
###....#.......
#+####........
..........
#####.####


You could see Jorgrun.

Vanquished Creatures
  An orc warlord (Bailey)
  A two-headed ogre (D:9)
  An orc knight (Bailey)
  A cyclops (D:11)
  A komodo dragon (D:9)
  A kobold demonologist (D:9)
  3 trolls
  A vampire (D:9)
  A shadow (D:9)
  Sigmund (D:2)
  20 yaks
  A basilisk (D:9)
  Eustachio (D:4)
  A wraith (D:11)
  2 vampire mosquitoes (D:10)
  20 orc warriors
  2 ogres
  9 centaurs
  4 kobold brigands
  4 bullfrogs
  2 scorpions
  3 wights (D:8)
  14 killer bees (D:9)
  2 howler monkeys (D:11)
  2 gnoll boudas
  4 orc priests
  3 hounds
  2 jellies
  3 sleepcaps
  3 iguanas
  9 orc wizards
  14 gnolls
  11 adders
  3 river rats (Sewer)
  3 shadow imps
  2 white imps (D:7)
  4 ufetubi (D:5)
  5 worms
  4 dart slugs
  62 orcs
  13 ball pythons
  7 endoplasms
  4 giant cockroaches
  17 goblins
  18 hobgoblins
  5 jackals
  3 quokkas
  15 bats
  6 frilled lizards
  27 kobolds
  8 rats
354 creatures vanquished.

Notes
Turn   | Place    | Note
-------+----------+-------------------------------------------
     0 | D:1      | BinkBink the Spriggan Hunter began the quest for the Orb.
     0 | D:1      | Reached XP level 1. HP: 10/10 MP: 2/2
   111 | D:1      | Reached XP level 2. HP: 15/15 MP: 3/3
   611 | D:1      | Found Goenneq's Antique Armour Shop.
   715 | D:1      | Reached XP level 3. HP: 18/18 MP: 4/4
   901 | D:2      | Noticed Sigmund
   928 | D:2      | Killed Sigmund
   929 | D:2      | Reached skill level 5 in Ranged Weapons
   929 | D:2      | Reached XP level 4. HP: 23/24 MP: 5/5
   929 | D:2      | Reached XP level 5. HP: 27/28 MP: 6/6
  1369 | D:3      | Found an ornate altar of the Wu Jian Council.
  1374 | D:3      | Found a radiant altar of Vehumet.
  2023 | D:4      | Reached XP level 6. HP: 33/33 MP: 7/7
  2046 | D:4      | Reached skill level 6 in Ranged Weapons
  2423 | D:4      | Noticed Eustachio
  2539 | D:4      | Killed Eustachio
  2540 | D:4      | Reached XP level 7. HP: 38/38 MP: 8/8
  2911 | D:4      | Reached skill level 5 in Fighting
  2911 | D:4      | Reached skill level 7 in Ranged Weapons
  3219 | D:5      | Entered Level 5 of the Dungeon
  3273 | D:5      | Identified the +0 robe "Hain" {rPois rC- Int+3 Dex+3}
  3806 | D:5      | Reached XP level 8. HP: 44/44 MP: 9/9
  4029 | D:6      | Reached skill level 8 in Ranged Weapons
  4079 | D:6      | Found a bloodstained altar of Trog.
  4103 | D:6      | Found a glowing drain.
  4118 | Sewer    | Entered a sewer
  4829 | D:6      | Found a stormy altar of Qazlal.
  5713 | D:7      | Found a staircase to the Ecumenical Temple.
  5745 | Temple   | Entered the Ecumenical Temple
  5820 | Temple   | Became a worshipper of Warmaster Okawaru
  5864 | D:7      | Found Nanir's Specific Store.
  5902 | D:7      | Found Vungom's General Store.
  5984 | D:7      | Reached skill level 9 in Ranged Weapons
  6590 | D:1      | Bought a sheer robe for 153 gold pieces
  6590 | D:1      | Identified the +2 robe of the Five Shrikes {Rampage Stlth-
                  | Archmagi} (You bought it in a shop on level 1 of the
                  | Dungeon)
  6692 | D:7      | Bought a scroll of enchant weapon for 75 gold pieces
  6736 | D:8      | Reached XP level 9. HP: 50/50 MP: 10/10
  6858 | D:8      | Reached * piety under Okawaru
  6925 | D:8      | Reached skill level 10 in Ranged Weapons
  6952 | D:8      | Reached ** piety under Okawaru
  6972 | D:8      | Found a flagged portal.
  6986 | Bailey   | Entered a bailey
  7403 | Bailey   | Noticed an orc knight
  7464 | Bailey   | Killed an orc knight
  7464 | Bailey   | Reached *** piety under Okawaru
  7465 | Bailey   | Reached skill level 11 in Ranged Weapons
  7465 | Bailey   | Reached XP level 10. HP: 57/57 MP: 11/11
  7952 | Bailey   | Noticed an orc warlord
  8212 | Bailey   | Killed an orc warlord
  8212 | Bailey   | Reached **** piety under Okawaru
  8362 | D:8      | Reached skill level 12 in Ranged Weapons
  8589 | D:8      | Reached skill level 10 in Fighting
  9201 | D:9      | Noticed an orange demon
  9202 | D:9      | Reached ***** piety under Okawaru
  9338 | D:9      | Found Ixaom's Antique Weapon Shop.
  9347 | D:9      | Bought an arbalest for 153 gold pieces
  9373 | D:9      | Found a sparkling altar of Nemelex Xobeh.
  9373 | D:9      | Found a shadowy altar of Dithmenos.
  9385 | D:9      | Reached XP level 11. HP: 59/63 MP: 12/12
  9417 | D:9      | Noticed a two-headed ogre
  9434 | D:9      | Killed a two-headed ogre
  9642 | D:9      | Reached skill level 13 in Ranged Weapons
  9979 | D:9      | Found a staircase to the Lair.
 10016 | D:10     | Entered Level 10 of the Dungeon
 10220 | D:10     | Found a portal to a secret trove of treasure.
 10632 | D:10     | Identified the +6 flail of the Fray {heavy, Int+4}
 11254 | D:11     | Received a gift from Okawaru
 11261 | D:11     | Found a staircase to the Orcish Mines.
 11718 | D:11     | Reached skill level 14 in Ranged Weapons
 11718 | D:11     | Reached XP level 12. HP: 71/71 MP: 13/13
 11770 | D:12     | Identified the "Zienol"
 11777 | D:12     | Noticed Jorgrun
 11788 | D:12     | HP: 2/71 [Jorgrun/+0 heavy quarterstaff (11)]
 11797 | D:12     | Killed from afar by Jorgrun

Illustrated notes

Levels and vault maps discovered:
D:1:      roderic_chinese_lattice_arrival, layout_loops_ring, serial_shops,
          shop, hangedman_decor_diamond_cutter
D:2:      layout_rooms, nicolae_titane, uniq_sigmund
D:3:      layout_loops_ring, gammafunk_temple_overflow_pools
D:4:      layout_rooms, corexii_item_surrounded_by_moat, hellmonk_no_cap,
          uniq_eustachio
D:5:      layout_loops_ring, st_stairs_9
D:6:      layout_gridville, mainiacjoe_overflow_catch_the_wave,
          portal_sewer_entry_a, chequers_serial_rivers_large_a
D:7:      layout_loops_cross, temple_pool_b, nicolae_specific_store
D:8:      layout_rooms, enter_bailey_4, serial_park_tiny_1, amethyst_killhole
D:9:      layout_rooms, gammafunk_temple_overflow_wave, david_lair_shrubbed,
          serial_shops, nicolae_shop_gibbet_a_chance, serial_curves,
          eino_curves_04, eino_curves_04, eino_curves_01, eino_curves_01
D:10:     layout_roguey, enter_trove_0
D:11:     layout_stronghold, orc_0_dummy
D:12:     minmay_five_octagons, layout_irregular_city, uniq_jorgrun
Temple:   nicolae_temple_bog_church

Skill      XL: |  1  2  3  4  5  6  7  8  9 10 11 |
---------------+----------------------------------+-----
Fighting       | 2 3 4 5 7 8 10 12 | 12.0
Ranged Weapons | 5 6 7 9 11 12 14 | 14.5
Dodging        | 6 |  6.6
Stealth        | |  1.5

Action                     |  1- 3 |  4- 6 |  7- 9 | 10-12 || total
---------------------------+-------+-------+-------+-------++-------
   Fire: Shortbow          |    96 |   189 |   284 |       ||   569
         Orcbow            |       |       |   184 |   415 ||   599
         Arbalest          |       |       |       |     4 ||     4
    Use: Scroll            |       |       |    15 |     6 ||    21
         Potion            |       |       |       |     2 ||     2
 Armour: Robe              |    17 |    27 |    43 |    41 ||   128
  Dodge: Dodged            |    55 |    83 |   137 |   107 ||   382

Table legend: (Time is in decaauts)
 A = Elapsed time spent in this place.
 B = Non-inter-level travel time spent in this place.
 C = Inter-level travel time spent in this place.
 D = Time resting spent in this place.
 E = Time spent auto-exploring this place.
 F = Levels seen in this place.
 G = Mean time per level.
                   A        B        C        D        E       F      G
               +--------+--------+--------+--------+--------+-----+--------+
         Total |   8982 |   8592 |    390 |   1886 |   4661 |  15 |  598.8 |
       Dungeon |   7229 |   6876 |    353 |   1100 |   4201 |  12 |  602.4 |
        Temple |     40 |      3 |     37 |      0 |      0 |   1 |   40.0 |
         Sewer |    581 |    581 |      0 |     81 |    377 |   1 |  581.0 |
        Bailey |   1130 |   1130 |      0 |    704 |     82 |   1 | 1130.0 |
               +--------+--------+--------+--------+--------+-----+--------+

Top non-repeatable levels by time:
  Bailey: 1130 daAuts
     D:4: 871 daAuts
     D:8: 835 daAuts
     D:7: 781 daAuts
     D:3: 756 daAuts
    D:11: 739 daAuts
     D:9: 702 daAuts
     D:6: 689 daAuts
   Sewer: 581 daAuts
     D:5: 545 daAuts
     D:1: 526 daAuts
    D:10: 454 daAuts
     D:2: 302 daAuts
  Temple: 40 daAuts
    D:12: 24 daAuts
